[Event "Team 45 45 League T96"]
[Site "Internet Chess Club"]
[Date "2023.07.01"]
[Round "8"]
[White "stantheman59"]
[Black "Visin"]
[Result "0-1"]
[WhiteElo "1105"]
[BlackElo "1251"]
[Opening "Philidor's defense"]
[ECO "C41"]
[Time "16:02:35"]
[PlyCount "146"]
[TimeControl "2700+45"]

1. e4 e5 2. Nf3 d6 3. d4 Bg4 4. Be2 Bxf3 5. Bxf3 Nc6 6. d5 Nce7 7. Nc3 f5 8. Be3
f4 9. Bd2 Nf6 10. Qe2 Qd7 11. h3 O-O-O 12. O-O-O g5 13. Bg4 Nxg4 14. Qxg4 h6 15.
Qxd7+ Rxd7 16. f3 Ng6 17. Be1 Be7 18. Bf2 Kb8 19. Rdg1 Rc8 20. g3 c5 21. h4 a6
22. Na4 Ka7 23. b4 b5 24. Nb2 Kb7 25. a3 Rdc7 26. bxc5 dxc5 27. hxg5 Bxg5 28. g4
b4 29. a4 c4 30. Rd1 c3 31. Nd3 a5 32. Kb1 b3 33. Nc5+ Ka8 34. Nxb3 Rc4 35. Nc5
Rb8+ 36. Ka1 Nf8 37. Rb1 Rcb4 38. Rb3 Rxb3 39. Nxb3 Nd7 40. Bh4 Rb4 41. Bxg5
Rxa4+ 42. Kb1 hxg5 43. Rh5 Rb4 44. Kc1 a4 45. Na1 Rd4 46. Rxg5 Rd2 47. Rg8+ Kb7
48. g5 Rf2 49. Kd1 Rxf3 50. Ke2 Rg3 51. g6 Nf6 52. Rg7+ Kc8 53. Rf7 Rxg6 54. Kf3
Rg3+ 55. Kf2 Nxe4+ 56. Ke2 Kd8 57. Rf5 Rg5 58. Rxg5 Nxg5 59. Kd3 f3 60. Ke3 e4
61. Kf2 Kd7 62. Ke3 Kd6 63. Kf2 Kxd5 64. Ke3 Ke5 65. Kf2 Kf4 66. Kf1 e3 67. Ke1
Kg3 68. Kf1 e2+ 69. Ke1 f2+ 70. Kxe2 Kg2 71. Ke3 f1=Q 72. Nb3 Qf3+ 73. Kd4 axb3
{White resigns} 0-1

[Event "Team 45 45 League T96"]
[Site "Internet Chess Club"]
[Date "2023.07.03"]
[Round "8"]
[White "manfredo"]
[Black "jjmolina1"]
[Result "1-0"]
[WhiteElo "1572"]
[BlackElo "1536"]
[Opening "KGA: Kieseritsky, Kolisch defense"]
[ECO "C39"]
[Time "14:01:20"]
[PlyCount "61"]
[TimeControl "2700+45"]

1. e4 e5 2. f4 exf4 3. Nf3 g5 4. h4 g4 5. Ne5 d6 6. Nxg4 Nf6 7. Nxf6+ Qxf6 8.
Nc3 Be6 9. Qf3 Bh6 10. Nb5 Kd8 11. d4 Kc8 12. g3 Rg8 13. Bxf4 a6 14. e5 Qg6 15.
Bd3 Bg4 16. Qf2 Qh5 17. Bxh6 Qxh6 18. Nc3 dxe5 19. Nd5 Qe6 20. Be4 f5 21. Bf3
exd4+ 22. Kd2 Bxf3 23. Qxf3 Rg4 24. Rae1 Re4 25. Nf4 Qe5 26. Nd3 Qa5+ 27. Kd1 b6
28. Rxe4 fxe4 29. Qxe4 c6 30. Qe8+ Kc7 31. Re1 {Black resigns} 1-0

[Event "Team 45 45 League T96"]
[Site "Internet Chess Club"]
[Date "2023.07.01"]
[Round "8"]
[White "kabindra"]
[Black "Pawnchain"]
[Result "1-0"]
[WhiteElo "1688"]
[BlackElo "1444"]
[Opening "French: advance, Euwe variation"]
[ECO "C02"]
[Time "15:00:22"]
[PlyCount "89"]
[TimeControl "2700+45"]

1. e4 e6 2. d4 d5 3. e5 c5 4. c3 Nc6 5. Nf3 Bd7 6. Bd3 Nge7 7. dxc5 Ng6 8. b4
Ncxe5 9. Nxe5 Nxe5 10. Bc2 a5 11. O-O Be7 12. Qh5 Ng6 13. f4 Bf6 14. f5 Ne5 15.
fxe6 Bxe6 16. Ba4+ Nd7 17. c6 bxc6 18. Bxc6 Rc8 19. b5 O-O 20. Ba3 Nb6 21. Bxf8
Qxf8 22. Qf3 Qc5+ 23. Kh1 Nc4 24. Qg3 Be7 25. Qf2 Qd6 26. Nd2 Ne5 27. Qg3 Ng6
28. Qxd6 Bxd6 29. Nf3 Bc5 30. Nd4 Bxd4 31. cxd4 Ne7 32. Rac1 h6 33. Rc5 Nf5 34.
Rd1 Ne3 35. Rd3 Nc4 36. Bxd5 Rxc5 37. dxc5 Bxd5 38. Rxd5 Ne3 39. Rd8+ Kh7 40. c6
Ng4 41. c7 Nf2+ 42. Kg1 a4 43. c8=Q a3 44. Qf5+ g6 45. Qxf7# {Black checkmated}
1-0

[Event "Team 45 45 League T96"]
[Site "Internet Chess Club"]
[Date "2023.07.01"]
[Round "8"]
[White "PsyMar"]
[Black "Constrictor"]
[Result "1-0"]
[WhiteElo "1241"]
[BlackElo "1375"]
[Opening "Caro-Kann: advance variation"]
[ECO "B12"]
[Time "11:01:30"]
[PlyCount "71"]
[TimeControl "2700+45"]

1. e4 c6 2. d4 d5 3. e5 Bf5 4. h4 h6 5. Be3 e6 6. g4 Bh7 7. c3 Nd7 8. Nh3 c5 9.
f4 Be4 10. Rh2 cxd4 11. cxd4 Bb4+ 12. Nc3 Bxc3+ 13. bxc3 Qa5 14. Bd2 Ne7 15. a4
Nc6 16. Nf2 Bh7 17. Bh3 Qc7 18. Be3 Nb6 19. Nd3 Nc4 20. Bg1 Qa5 21. Rc1 Bxd3 22.
Qxd3 Qxa4 23. f5 exf5 24. gxf5 Ne7 25. f6 gxf6 26. exf6 Ng6 27. Re2+ Kf8 28. Be6
Nf4 29. Qg3 Rg8 30. Qxf4 Rxg1+ 31. Kf2 Rg8 32. Qxh6+ Ke8 33. Bxd5+ Kd8 34. Bxf7
Qd7 35. Bxg8 Qf5+ 36. Ke1 {Black resigns} 1-0